 Dungeon Crawl Stone Soup version 0.22-a0-307-g2b15929 (webtiles) character file.

1022 xccam the Cleaver (level 8, 0/58 HPs)
             Began as a Formicid Fighter on Apr 1, 2018.
             Was a Follower of Cheibriados.
             Slain by Edmund
             ... wielding a +4 flail of crushing
              (14 damage)
             ... on level 5 of the Dungeon.
             The game lasted 00:07:04 (4600 turns).

xccam the Cleaver (Formicid Fighter)                Turns: 4600, Time: 00:07:04

Health: 0/58       AC:  8    Str: 25    XL:     8   Next: 46%
Magic:  8/8        EV:  8    Int: 14    God:    Cheibriados [*.....]
Gold:   222        SH: 10    Dex: 12    Spells: 7/7 levels left

rFire    . . .     SeeInvis +   a - +0 war axe
rCold    . . .     Gourm    .   c - +0 shield
rNeg     . . .     Faith    +   b - +0 scale mail
rPois    .         Spirit   .   (helmet unavailable)
rElec    .         Reflect  .   B - +0 cloak
rCorr    .         Harm     .   (no gloves)
MR       .....                  (no boots)
Stlth    ..........             D - amulet of faith
HPRegen  0.19/turn              G - +4 ring of intelligence
MPRegen  0.11/turn              (no ring)

@: very slightly contaminated, invisible, very slow
A: permanent stasis, dig shafts and tunnels, four strong arms, antennae 3
a: Dig, Shaft Self, Bend Time, Renounce Religion


You were on level 5 of the Dungeon.
You worshipped Cheibriados.
Cheibriados was aware of your devotion.
You were not hungry.

You visited 2 branches of the dungeon, and saw 6 of its levels.

You collected 222 gold pieces.

Inventory:

Hand Weapons
 a - a +0 war axe (weapon)
Armour
 b - a +0 scale mail (worn)
 c - a +0 shield (worn)
 x - a +0 plate armour
 B - a +0 cloak (worn)
Jewellery
 D - an amulet of faith (around neck)
 G - a +4 ring of intelligence (left hand)
Wands
 d - a wand of polymorph (13)
 q - a wand of flame (25)
 u - a wand of iceblast (4)
 z - a wand of digging (11)
Scrolls
 e - a scroll of amnesia {unknown}
 h - 7 scrolls of identify {unknown}
 j - 2 scrolls of immolation {unknown}
 l - a scroll of fog {unknown}
 m - 3 scrolls of magic mapping {unknown}
 o - 3 scrolls of enchant armour {unknown}
 p - 3 scrolls of fear {unknown}
 t - a scroll of noise {unknown}
 v - a scroll of enchant weapon {unknown}
 w - a scroll of blinking {unknown}
 y - a scroll of teleportation {unknown}
 A - a scroll of random uselessness {unknown}
 F - a scroll of remove curse {unknown}
Potions
 g - a potion of cancellation
 i - a potion of invisibility
 k - a potion of magic {unknown}
 n - a potion of haste {unknown}
 r - 2 potions of brilliance {unknown}
 s - a potion of degeneration {unknown}
 E - a potion of lignification {unknown}
Comestibles
 f - 9 rations


   Skills:
 - Level 3.2 Fighting
 + Level 9.5 Axes
 - Level 3.2 Armour
 - Level 3.6 Shields


You had 7 spell levels left.
You didn't know any spells.

Dungeon Overview and Level Annotations

Branches:
Dungeon (5/15)             Temple (1/1) D:4

Altars:
Ashenzari
Cheibriados
Dithmenos
Elyvilon
Fedhas
Gozag
Hepliaklqana
Kikubaaqudgha
Makhleb
Nemelex Xobeh
Okawaru
Qazlal
Sif Muna
Trog
Uskayaw
Vehumet
Wu Jian
Xom
Yredelemnul
Zin
The Shining One

Annotations:
D:5 Edmund


Innate Abilities, Weirdness & Mutations

You cannot be hasted, slowed, berserked, paralysed or teleported.
You can dig through walls and to a lower floor.
Your four strong arms can wield two-handed weapons with a shield.
You have a pair of large antennae on your head. (SInv)


Message History

You catch the helpless Edmund completely off-guard!
You hit Edmund but do no damage.
Unknown command.
You slice Edmund!!
Edmund is almost dead.
You catch the helpless orc completely off-guard!
You slash the orc!
You kill the orc!
Cheibriados appreciates the change of pace.
Edmund hits you but does no damage.
You hit Edmund.
Edmund is almost dead.
You block Edmund's attack.
Unknown command.
You catch the helpless Edmund completely off-guard!
You hit Edmund but do no damage.
Edmund is almost dead.
You hit the adder zombie.
Edmund hits you with a flail of crushing!
You die...

{{ ##### #...
############.####
.....?)@........#
......@Z.##..##.#
#....
###########..#
..# #....
........#
#.###....
#######.#
#.#...... #.#
#........ #.#
#....... #.#
#.......
#.#####.)....


You could see Edmund and an adder zombie.

Vanquished Creatures
  A sky beast (D:5)
  2 ogres (D:5)
  2 centaurs (D:5)
  A scorpion (D:4)
  A howler monkey (D:4)
  A crimson imp (D:5)
  A hound (D:3)
  Crazy Yiuf (D:3)
  2 orc priests
  An orc wizard (D:4)
  A centaur skeleton (D:4)
  Ijyb (D:3)
  Terence (D:2)
  A worker ant (D:4)
  Robin (D:2)
  8 adders
  A howler monkey skeleton (D:4)
  4 worms
  A dart slug (D:1)
  5 leopard geckos
  18 orcs
  2 ball pythons
  4 giant cockroaches
  17 goblins
  19 hobgoblins
  8 bats
  7 frilled lizards
  7 kobolds
  8 rats
127 creatures vanquished.

Notes
Turn   | Place    | Note
-------+----------+-------------------------------------------
     0 | D:1      | xccam the Formicid Fighter began the quest for the Orb.
     0 | D:1      | Reached XP level 1. HP: 18/18 MP: 1/1
    79 | D:1      | You fall through a shaft!
    81 | D:2      | Noticed Terence
    90 | D:2      | Killed Terence
    90 | D:2      | Reached skill level 3 in Axes
    90 | D:2      | Reached XP level 2. HP: 18/24 MP: 2/2
    90 | D:2      | Reached XP level 3. HP: 22/29 MP: 3/3
   294 | D:1      | Reached skill level 4 in Axes
   294 | D:1      | Reached XP level 4. HP: 35/35 MP: 4/4
  1052 | D:2      | Reached XP level 5. HP: 41/41 MP: 5/5
  1111 | D:2      | Noticed Robin
  1119 | D:2      | Killed Robin
  1119 | D:2      | Reached skill level 5 in Axes
  1977 | D:3      | Reached XP level 6. HP: 26/47 MP: 6/6
  1994 | D:3      | Reached skill level 6 in Axes
  2672 | D:3      | Noticed Ijyb
  2701 | D:3      | Killed Ijyb
  2968 | D:3      | Found a runed door.
  2972 | D:3      | Noticed Crazy Yiuf
  2979 | D:3      | Killed Crazy Yiuf
  3367 | D:4      | Reached skill level 7 in Axes
  3367 | D:4      | Reached XP level 7. HP: 33/52 MP: 7/7
  3487 | D:4      | Found a staircase to the Ecumenical Temple.
  3491 | Temple   | Entered the Ecumenical Temple
  3591 | Temple   | Became a worshipper of Cheibriados the Contemplative
  4242 | D:5      | Entered Level 5 of the Dungeon
  4250 | D:5      | Reached skill level 8 in Axes
  4266 | D:5      | Reached XP level 8. HP: 19/58 MP: 8/8
  4544 | D:5      | Reached * piety under Cheibriados
  4572 | D:5      | Reached skill level 9 in Axes
  4581 | D:5      | Noticed Edmund
  4600 | D:5      | Slain by Edmund

Vault maps used:
D:1:      dpeg_arrival_solitude, serial_forest, infiniplex_forest_fountain,
          infiniplex_forest_clump_curved, infiniplex_forest_clump_tiny,
          infiniplex_forest_clump_diagonal, infiniplex_forest_zigzag_2,
          infiniplex_forest_zigzag_1, infiniplex_forest_end_3,
          infiniplex_forest_lined_3, infiniplex_forest_clump_double,
          hangedman_glass_teeth, grunt_decor_resistance, hex_intersection,
          patterned_corridor
D:2:      cheibrodos_greedy_goblins, first_ration, uniq_robin, uniq_terence
D:3:      uniq_ijyb, uniq_crazy_yiuf_cottage
D:4:      minmay_temple_entry_steel_oval, bh_walls_and_bars
D:5:      uniq_edmund, uniq_eustachio
Temple:   kilobyte_greek_temple

Skill      XL: |  1  2  3  4  5  6  7  8 |
---------------+-------------------------+-----
Axes           | 3 4 5 7 8 9 |  9.5
Fighting       | |  3.2
Armour         | |  3.2
Shields        | |  3.6

Action                   |  1- 3 |  4- 6 |  7- 9 || total
-------------------------+-------+-------+-------++-------
Melee: War axe           |    30 |   296 |    93 ||   419
       Unarmed           |     9 |       |       ||     9
  Use: Potion            |     1 |     3 |     2 ||     6
 Stab: Invisible         |       |       |     3 ||     3
  Eat: Chunk             |       |     8 |     5 ||    13
Armor: Scale mail        |    10 |    86 |    21 ||   117
       Skin              |     2 |       |       ||     2
Dodge: Dodged            |    16 |    79 |    34 ||   129
Block: Shield            |    16 |   139 |    46 ||   201

Table legend:
 A = Spawn XP
 B = Non-spawn XP
 C = Spawn XP percentage of total XP
 D = Spawn monster count
 E = Non-spawn monster count
 F = Spawn count percentage of total count
 G = Total turns spent on level
                    A         B        C        D         E        F      G
               +---------+---------+-------+---------+---------+-------+---------
         Total |       0 |    1461 |   0.0 |       0 |     127 |   0.0 |  4600
               +---------+---------+-------+---------+---------+-------+---------
           D:1 |       0 |      34 |   0.0 |       0 |      18 |   0.0 |   778
           D:2 |       0 |     189 |   0.0 |       0 |      50 |   0.0 |  1106
           D:3 |       0 |     239 |   0.0 |       0 |      31 |   0.0 |  1461
           D:4 |       0 |     315 |   0.0 |       0 |      14 |   0.0 |   754
           D:5 |       0 |     684 |   0.0 |       0 |      14 |   0.0 |   358
               +---------+---------+-------+---------+---------+-------+---------
